 Dungeon Crawl Stone Soup version 0.18.1-48-g4cf74bf (console) character file.

7039 Homage the Fighter (level 10, -2/94 HPs)
             Began as a Minotaur Fighter on July 6, 2016.
             Was a Priest of Okawaru.
             Killed by the air
             ... invoked by Gastronok
              (24 damage)
             ... on level 10 of the Dungeon on July 7, 2016.
             The game lasted 00:55:27 (8778 turns).

Homage the Fighter (Minotaur Fighter)               Turns: 8778, Time: 00:55:28

Health: -2/94      AC: 25    Str: 22    XL:     10   Next: 83%
Magic:  9/9        EV: 12    Int:  5    God:    Okawaru [***...]
Gold:   582        SH: 14    Dex: 17    Spells: 0 memorised, 9 levels left

rFire  . . .     SeeInvis .     a - +2 hand axe (flame) {!d!f}
rCold  . . .     Gourm    .     F - +0 plate armour
rNeg   . . .     Faith    .     c - +1 shield
rPois  .         Spirit   .     (helmet restricted)
rElec  .         Dismiss  .     s - +1 cloak
rCorr  .         Reflect  .     L - +1 pair of gloves
SustAt +         Harm     .     k - +1 pair of boots
MR     .....                    B - amulet of regeneration {!d!f}
Stlth  ..........               H - ring of sustain attributes
                                y - +3 ring of protection

@: agile, slowed, very slow, not resistant to hostile enchantments, extremely
unstealthy
A: retaliatory headbutt, horns 2, talons 1, subdued magic 1, sturdy frame 1
a: Heroism, Renounce Religion


You were on level 10 of the Dungeon.
You worshipped Okawaru.
Okawaru was most pleased with you.
You were not hungry.

You visited 2 branches of the dungeon, and saw 11 of its levels.

You collected 582 gold pieces.


Innate Abilities, Weirdness & Mutations

You reflexively headbutt those who attack you in melee.
You have a pair of horns on your head.
You have sharp toenails.
Your spells are a little easier to cast, but a little less powerful.
Your movements are slightly less encumbered by armour (ER -2).


   Skills:
 + Level 10.6 Fighting
 + Level 10.3 Axes
 + Level 10.5 Armour
 + Level 10.5 Shields


You had 9 spell levels left.
You didn't know any spells.

Inventory:

Hand Weapons
 a - a +2 hand axe of flaming (weapon) {!d!f}
 b - a +0 hunting sling {!d}
 q - the +7 long sword of Eternal Night {drain, rPois rF+}
   (You found it on level 9 of the Dungeon)

   A truly terrible weapon, it drains the life of those it strikes.
   It protects you from fire.
   It protects you from poison.
 M - a +3 war axe
Missiles
 e - 400 stones
 j - 15 tomahawks (quivered)
 E - 89 sling bullets
Armour
 c - a +1 shield (worn)
 k - a +1 pair of boots (worn)
 s - a +1 cloak (worn)
 F - a +0 plate armour (worn)
 L - a +1 pair of gloves (worn)
Jewellery
 y - a +3 ring of protection (left hand)
 B - an amulet of regeneration (around neck) {!d!f}
 H - a ring of sustain attributes (right hand)
Wands
 p - a wand of teleportation (5/9) {!V}
 r - a wand of digging (10/24)
 v - a wand of disintegration (13/24)
 z - a wand of acid (1/15)
 A - a wand of lightning (7/15)
 C - a wand of slowing (26/48)
 K - a wand of lightning (10/15)
 O - a wand of lightning (8/15)
Scrolls
 i - 2 scrolls of blinking
 o - a scroll of enchant armour
 t - 5 scrolls of identify
 x - 2 scrolls of remove curse
Potions
 d - 3 potions of might
 g - 6 potions of curing
 m - a potion of agility
 w - 4 potions of berserk rage {!q}
 G - 2 potions of haste
Comestibles
 f - 8 bread rations
 l - a royal jelly
 n - 7 slices of pizza
 u - a fruit
 D - a chunk of flesh


Message History

* * * LOW HITPOINT WARNING * * *
Drink which item? (? for menu, Esc to quit)
You feel much better.
Gastronok gurgles, "I'll eat you, I will!"
Gastronok waves his eye-stalks in wide circles.
The air twists around and strikes you!
* * * LOW HITPOINT WARNING * * *
Unknown command.
Drink which item? (? for menu, Esc to quit)
You feel much better.
Gastronok gurgles, "I'll eat you, I will!"
Gastronok waves his eye-stalks in wide circles.
The air twists around and strikes you!
* * * LOW HITPOINT WARNING * * *
Unknown command.
You hit Gastronok but do no damage.
Gastronok is almost dead.
Gastronok waves his eye-stalks in wide circles.
The air twists around and strikes you!
You die...

#..######..##...+.........
#..#....#...#...#.........
#..'....#..#######+##.....
#..#....#..# #.....
####....#... #.....
#....#+### #.....
#........# #.....
#....w...###### #.....
#.....@.......# #.....
#.............# ######
######+##.....+ #
........#.....# +
........+.....##+## #
#......#.........# #
#......######....# #
#+###.......#....+ #
#.......#....# #


You could see Gastronok.

Vanquished Creatures
  The ghost of Homage the Protected, a novice MiFi of Okawaru (D:8)
  Pikel (D:9)
  The ghost of experimilk the Cleaver, a novice MiBe of Trog (D:6)
  A two-headed ogre (D:9)
  7 humans
  2 hogs (D:7)
  A hippogriff (D:9)
  Menkaure (D:4)
  A water moccasin (D:8)
  Duvessa (D:5)
  A black bear (D:7)
  4 orc warriors
  2 ice beasts (D:6)
  A centaur (D:6)
  3 ogres
  2 phantoms
  2 big kobolds
  3 giant frogs
  A water moccasin zombie (D:6)
  Dowan (D:5)
  2 scorpions
  10 wights
  3 howler monkeys
  4 crimson imps
  A giant frog zombie (D:6)
  2 hounds
  A centaur skeleton (D:4)
  A gnoll shaman (D:4)
  8 orc priests
  2 jellies
  Ijyb (D:3)
  An iguana (D:7)
  Terence (D:3)
  8 orc wizards
  8 worker ants
  2 sheep (D:7)
  2 hound zombies
  5 gnolls
  8 adders
  A shadow imp (D:8)
  2 adder zombies
  4 worms
  2 dart slugs
  5 giant geckos
  43 orcs
  A ball python (D:3)
  A giant cockroach (D:2)
  10 goblins
  5 hobgoblins
  18 jackals
  5 quokkas
  11 bats
  A giant gecko skeleton (D:5)
  5 giant newts
  3 hobgoblin zombies (D:7)
  13 kobolds
  A kobold zombie (D:7)
  2 orc skeletons (D:7)
  An orc zombie (D:7)
  2 rats (D:3)
243 creatures vanquished.

Vanquished Creatures (others)
  A wight (D:9)
1 creature vanquished.

Grand Total: 244 creatures vanquished

Notes
Turn   | Place    | Note
--------------------------------------------------------------
     0 | D:1      | Homage the Minotaur Fighter began the quest for the Orb.
     0 | D:1      | Reached XP level 1. HP: 19/19 MP: 0/0
   404 | D:1      | Reached XP level 2. HP: 24/27 MP: 1/1
   951 | D:2      | Found a burning altar of Makhleb.
   956 | D:2      | Found a glowing silver altar of Zin.
   956 | D:2      | Noticed a cacodemon
   956 | D:2      | Noticed an angel
  1105 | D:2      | Reached XP level 3. HP: 33/33 MP: 2/2
  1297 | D:3      | Reached skill level 3 in Axes
  1461 | D:3      | Noticed Terence
  1470 | D:3      | Killed Terence
  1470 | D:3      | Reached XP level 4. HP: 25/40 MP: 3/3
  1704 | D:3      | Noticed Ijyb
  1711 | D:3      | Killed Ijyb
  1888 | D:3      | Reached XP level 5. HP: 40/47 MP: 4/4
  1951 | D:3      | Gained mutation: You have sharp toenails. [potion of mutation]
  1951 | D:3      | Gained mutation: Your spells are a little easier to cast, but a little less powerful. [potion of mutation]
  1951 | D:3      | Gained mutation: Your movements are slightly less encumbered by armour (ER -2). [potion of mutation]
  2438 | D:4      | Noticed Menkaure
  2592 | D:4      | Killed Menkaure
  2592 | D:4      | Reached XP level 6. HP: 20/56 MP: 5/5
  3099 | D:4      | Reached skill level 6 in Armour
  3099 | D:4      | Reached XP level 7. HP: 53/61 MP: 6/6
  3214 | D:5      | Entered Level 5 of the Dungeon
  3216 | D:5      | Reached skill level 6 in Shields
  3264 | D:5      | Reached skill level 6 in Fighting
  3274 | D:5      | Found Voudgh's Antique Weapon Shop.
  3616 | D:5      | Noticed Duvessa
  3616 | D:5      | Noticed Dowan
  3626 | D:5      | Killed Duvessa
  3626 | D:5      | Reached skill level 6 in Axes
  3629 | D:5      | Reached XP level 8. HP: 71/71 MP: 7/7
  3645 | D:5      | Killed Dowan
  3921 | D:6      | Noticed experimilk's ghost (novice MiBe)
  3941 | D:6      | Killed experimilk's ghost
  3941 | D:6      | Reached XP level 9. HP: 64/81 MP: 8/8
  4342 | D:6      | Reached skill level 9 in Armour
  4537 | D:6      | Found a staircase to the Ecumenical Temple.
  4549 | Temple   | Entered the Ecumenical Temple
  4630 | Temple   | Became a worshipper of Warmaster Okawaru
  4991 | D:6      | Reached skill level 9 in Fighting
  5211 | D:7      | Reached skill level 9 in Shields
  5284 | D:7      | Found a deep blue altar of Sif Muna.
  5571 | D:7      | Found an oddly glowing altar of Pakellas.
  5615 | D:7      | Found a white marble altar of Elyvilon.
  5755 | D:7      | Found a glowing golden altar of the Shining One.
  6063 | D:7      | Reached * piety under Okawaru
  6159 | D:7      | Reached skill level 9 in Axes
  6159 | D:7      | Reached XP level 10. HP: 91/91 MP: 9/9
  6791 | D:8      | Noticed Homage's ghost (novice MiFi)
  6819 | D:8      | Killed Homage's ghost
  6819 | D:8      | Reached ** piety under Okawaru
  7557 | D:9      | Got a transparent long sword
  7558 | D:9      | Identified the +7 long sword of Eternal Night {drain, rPois rF+} (You found it on level 9 of the Dungeon)
  8053 | D:9      | Found a bloodstained altar of Trog.
  8376 | D:9      | Noticed Pikel
  8393 | D:9      | Killed Pikel
  8393 | D:9      | Reached *** piety under Okawaru
  8533 | D:10     | Entered Level 10 of the Dungeon
  8730 | D:10     | Noticed Gastronok
  8774 | D:10     | HP: 9/94 [Gastronok/the air (11)]
  8778 | D:10     | Killed from afar by Gastronok

Vault maps used:
D:1:      elethiomel_arrival_infinity_welcomes_careful_drivers
D:2:      grunt_temple_overflow_order_and_chaos_2, first_bread,
          minmay_misc_feat_tiny
D:3:      kennysheep_goblin_castle, eino_curves_04, minmay_box_of_dots,
          uniq_terence
D:4:      corexii_item_surrounded_by_moat, uniq_menkaure
D:5:      serial_shops, shop, uniq_duvessa
D:6:      minmay_temple_entry_enclosed_plants, minmay_ruffians
D:7:      led_sif_pool, grunt_temple_overflow_open, grunt_livestock,
          minmay_tree_intersection, columned_hall_lemuel,
          nicolae_tso_besieged_by_evil
D:9:      nicolae_overflow_crystal_walls, uniq_pikel
D:10:     uniq_gastronok
Temple:   hc_temple_tempest_star

Action                   |  1- 3 |  4- 6 |  7- 9 | 10-12 || total
-------------------------+-------+-------+-------+-------++-------
Melee: War axe           |    93 |       |       |    66 ||   159
       Headbutt          |    16 |    20 |    47 |    46 ||   129
       Hand axe          |       |   118 |   258 |   152 ||   528
Throw: Tomahawk          |     2 |     2 |     2 |       ||     6
Evoke: Wand              |       |       |       |     1 ||     1
  Use: Potion            |     6 |     4 |     1 |     4 ||    15
       Scroll            |     5 |     7 |     3 |     2 ||    17
  Eat: Chunk             |     3 |     5 |     8 |     5 ||    21
       Fruit             |       |       |     1 |     2 ||     3
       Royal jelly       |       |       |     1 |       ||     1
       Beef jerky        |       |       |       |     1 ||     1
Armor: Scale mail        |    49 |    58 |       |       ||   107
       Chain mail        |       |     5 |   102 |    46 ||   153
       Plate armour      |       |       |       |    34 ||    34
Dodge: Dodged            |    23 |    39 |    64 |    37 ||   163
Block: Shield            |    62 |    92 |   156 |   136 ||   446
